 Dungeon Crawl Stone Soup version 0.29-a0-477-g62b78b4225 (console) character file.

Game seed: 9443914067835634930

497 om the Insei (level 7, -6/49 (52) HPs)
             Began as a Gnoll Transmuter on May 24, 2022.
             Was a Believer of Uskayaw.
             Mangled by a wight
             ... wielding a +0 spear
              (7 damage)
             ... on level 4 of the Dungeon.
             The game lasted 00:11:03 (3916 turns).

om the Insei (Gnoll Transmuter)                     Turns: 3916, Time: 00:11:04

HP:   -6/49 (52)    AC:  5    Str: 11    XL:     7   Next: 16%
MP:   13/15         EV: 13    Int: 19    God:    Uskayaw [**....]
Gold: 160           SH:  0    Dex: 12    Spells: 8/17 levels left

rFire   . . .      SeeInvis .   o - +4 quarterstaff (chaos)
rCold   . . .      Faith    .   (shield currently unavailable)
rNeg    . . .      Spirit   .   m - +2 robe {Will+}
rPois   .          Reflect  .   (helmet currently unavailable)
rElec   .          Harm     .   n - +0 cloak {Will+}
rCorr   .          Rampage  .   (no gloves)
Will    ++...                   (boots currently unavailable)
Stlth   ++........              (no amulet)
HPRegen 0.16/turn               j - +6 ring of intelligence
MPRegen 0.14/turn               (no ring)

@: appendages, wereblooded, drained
A: horns 2, talons 2, fangs 1, strong nose, distributed training
a: End Transformation, Renounce Religion, Stomp, Line Pass


You were on level 4 of the Dungeon.
You worshipped Uskayaw.
Uskayaw was noncommittal.
You had temporarily grown beastly horns and talons.
You visited 1 branch of the dungeon, and saw 4 of its levels.

You collected 160 gold pieces.

Inventory:

Hand Weapons
 b - a +2 dagger of draining
 i - a +2 dagger of speed
 o - a +4 quarterstaff of chaos (weapon)
Armour
 c - a scarf of invisibility
 m - a +2 robe of willpower (worn)
 n - a +0 cloak of willpower (worn)
Jewellery
 j - a +6 ring of intelligence (left hand)
Scrolls
 d - a scroll of enchant armour
 e - a scroll of vulnerability
 f - a scroll of immolation {unknown}
 g - a scroll of fog {unknown}
Potions
 a - a potion of flight {unknown}
 k - a potion of resistance
 l - 3 potions of degeneration {unknown}
 p - 2 potions of invisibility {unknown}
 q - 2 potions of curing


   Skills:
 + Level 3.5 Fighting
 + Level 2.3 Short Blades
 + Level 2.3 Long Blades
 + Level 2.3 Axes
 + Level 2.3 Maces & Flails
 + Level 2.3 Polearms
 + Level 2.3 Staves
 + Level 2.3 Slings
 + Level 2.3 Bows
 + Level 2.3 Crossbows
 + Level 2.3 Throwing
 + Level 2.3 Armour
 + Level 5.1 Dodging
 + Level 2.3 Stealth
 + Level 2.3 Shields
 + Level 7.0 Unarmed Combat
 + Level 5.5 Spellcasting
 + Level 1.8 Conjurations
 + Level 1.8 Hexes
 + Level 1.8 Summonings
 + Level 1.8 Necromancy
 + Level 1.8 Translocations
 + Level 4.2 Transmutations
 + Level 1.8 Fire Magic
 + Level 1.8 Ice Magic
 + Level 1.8 Air Magic
 + Level 1.8 Earth Magic
 + Level 1.8 Poison Magic
 + Level 2.5 Invocations
 + Level 2.3 Evocations


You had 8 spell levels left.
You knew the following spells:

 Your Spells              Type           Power      Damage    Failure   Level
a - Beastly Appendage     Tmut           42%        N/A       1%          1
b - Sting                 Tmut/Pois      64%        1d6       3%          1
c - Wereblood             Tmut           21%        N/A       3%          2
d - Freeze                Ice            48%        1d7       5%          1
e - Poisonous Vapours     Pois/Air       24%        N/A       9%          2
f - Blink                 Tloc           24%        N/A       9%          2

Your spell library contained the following spells:

 Spells                   Type           Power      Damage    Failure   Level
 Spider Form              Tmut/Pois      16%        N/A       10%         3
 Frozen Ramparts          Ice            24%        1d4       16%         3
 Lesser Beckoning         Tloc           12%        N/A       16%         3
 Ice Form                 Ice/Tmut       16%        N/A       32%         4
 Hailstorm                Conj/Ice       12%        3d5       47%         4
 Olgreb's Toxic Radiance  Pois           12%        N/A       47%         4
 Manifold Assault         Tloc           12%        N/A       83%         5


Dungeon Overview and Level Annotations

Branches:
Dungeon (4/15)
 Temple: D:4-7

Altars:
Fedhas
Uskayaw
Xom


Innate Abilities, Weirdness & Mutations

You have temporarily grown beastly horns and talons.
You have very sharp teeth.
Your uncanny sense of smell can sniff out nearby items.
Your experience applies equally to all skills.


Message History

A wight is wielding a +0 spear and wearing a +2 robe of willpower.
The wight moves out of view.
Casting: Beastly Appendage (safe; 1% risk of failure)
Confirm with . or Enter, or press ? or * to list all spells.
Your blood is infused with primal strength.
Casting: Wereblood (safe; 3% risk of failure)
Confirm with . or Enter, or press ? or * to list all spells.
You grow a pair of large bovine horns.
Your feet morph into talons.
An orc comes into view. It is wielding a +0 flail.
The wight barely misses you. The wight hits you with a +0 spear.
You hit the wight but do no damage. You headbutt the wight.
The wight is moderately damaged.
The wight hits you from afar with a +3 trident of freezing.
The wight freezes you. The wight closely misses you.
You hit the wight but do no damage. Your headbutt misses the wight.
The wight is moderately damaged.
The wight closely misses you. The wight hits you but does no damage.
The wight hits you with a +0 spear.
You feel drained. The wight barely misses you.
The wight hits you from afar with a +0 spear.
The wight hits you with a +0 spear!
You feel drained.
You are too injured to fight recklessly!
You are too injured to fight recklessly!
You are too injured to fight recklessly!
You hit the wight. You burn the wight.
The wight is almost destroyed.
The wight closely misses you.
You can now pass through a line of other dancers.
You closely miss the wight. Your kick misses the wight.
The wight is almost destroyed.
The wight closely misses you. The orc hits you but does no damage.
You closely miss the wight. You bite the wight, but do no damage.
The wight is almost destroyed.
The orc closely misses you.
The wight hits you from afar with a +3 trident of freezing!
* * * LOW HITPOINT WARNING * * *
The wight freezes you.
* * * LOW HITPOINT WARNING * * *
The wight hits you with a +0 spear!
You die...

....######........# ...#
....#......###....##....8#
....#.##....#......#......
......####.........#...$.#
.............)...........#
....#...####<#....#....#.#
....###...##[(.........#.#
###.
..#..#.......$.....##. ##
##.##.#.###@o......$...
#.# ...# ##z..........
..###..# #.z........# ∆
.## ....#............# ∆
.........[.........
##.####.............
..........#....
...........#....
............ ...


You could see 2 wights and an orc.

Vanquished Creatures
  Sigmund (D:2)
  A scorpion (D:4)
  A necrophage (D:4)
  3 orc priests (D:3)
  Crazy Yiuf (D:2)
  Robin (D:2)
  2 adders
  9 orcs
  6 bats
  3 endoplasms
  3 giant cockroaches
  15 goblins
  6 hobgoblins
  3 jackals (D:3)
  3 quokkas (D:1)
  6 ball pythons
  2 frilled lizards (D:1)
  6 kobolds
  4 rats
76 creatures vanquished.

Notes
Turn   | Place    | Note
-------+----------+-------------------------------------------
     0 | D:1      | om the Gnoll Transmuter began the quest for the Orb.
     0 | D:1      | Reached XP level 1. HP: 17/17 MP: 6/6
   291 | D:1      | Reached XP level 2. HP: 18/23 MP: 5/7
   788 | D:1      | Reached XP level 3. HP: 24/28 MP: 9/9
   955 | D:1      | Found a faded altar of an unknown god.
  1111 | D:1      | Prayed at the altar of an unknown god.
  1111 | D:1      | Became a worshipper of Uskayaw the Reveller
  1111 | D:1      | Reached * piety under Uskayaw
  1156 | D:2      | Reached skill level 5 in Spellcasting
  1699 | D:2      | Noticed Robin
  1708 | D:2      | Reached skill level 1 in Invocations
  1721 | D:2      | Reached ** piety under Uskayaw
  1726 | D:2      | Reached *** piety under Uskayaw
  1728 | D:2      | Reached skill level 1 in Short Blades
  1728 | D:2      | Reached skill level 1 in Long Blades
  1728 | D:2      | Reached skill level 1 in Axes
  1728 | D:2      | Reached skill level 1 in Maces & Flails
  1728 | D:2      | Reached skill level 1 in Polearms
  1728 | D:2      | Reached skill level 1 in Staves
  1728 | D:2      | Reached skill level 1 in Slings
  1728 | D:2      | Reached skill level 1 in Bows
  1728 | D:2      | Reached skill level 1 in Crossbows
  1728 | D:2      | Reached skill level 1 in Throwing
  1728 | D:2      | Reached skill level 1 in Armour
  1728 | D:2      | Reached skill level 1 in Stealth
  1728 | D:2      | Reached skill level 1 in Shields
  1728 | D:2      | Reached skill level 1 in Evocations
  1728 | D:2      | Reached XP level 4. HP: 16/34 MP: 4/11
  1729 | D:2      | Reached **** piety under Uskayaw
  1732 | D:2      | Killed Robin
  2282 | D:2      | Noticed Sigmund
  2294 | D:2      | Killed Sigmund
  2295 | D:2      | Reached skill level 1 in Conjurations
  2295 | D:2      | Reached skill level 1 in Hexes
  2295 | D:2      | Reached skill level 1 in Summonings
  2295 | D:2      | Reached skill level 1 in Necromancy
  2295 | D:2      | Reached skill level 1 in Translocations
  2295 | D:2      | Reached skill level 1 in Fire Magic
  2295 | D:2      | Reached skill level 1 in Ice Magic
  2295 | D:2      | Reached skill level 1 in Air Magic
  2295 | D:2      | Reached skill level 1 in Earth Magic
  2295 | D:2      | Reached skill level 1 in Poison Magic
  2295 | D:2      | Reached XP level 5. HP: 25/41 MP: 4/12
  2295 | D:2      | Reached XP level 6. HP: 29/47 MP: 4/13
  2416 | D:2      | Found a runed translucent door.
  2417 | D:2      | Noticed Crazy Yiuf
  2487 | D:2      | Killed Crazy Yiuf
  2936 | D:3      | Found a shimmering altar of Xom.
  2947 | D:3      | Found a blossoming altar of Fedhas.
  2959 | D:3      | Reached skill level 5 in Dodging
  2967 | D:3      | Learned a level 1 spell: Sting
  2970 | D:3      | Learned a level 2 spell: Wereblood
  2972 | D:3      | Learned a level 1 spell: Freeze
  2975 | D:3      | Learned a level 2 spell: Poisonous Vapours
  3521 | D:3      | Learned a level 2 spell: Blink
  3634 | D:4      | Reached XP level 7. HP: 24/51 MP: 13/15
  3815 | D:4      | Reached skill level 7 in Unarmed Combat
  3916 | D:4      | HP: 1/49 [wight/+3 trident of freezing (6)]
  3916 | D:4      | Mangled by a wight

Illustrated notes

Levels and vault maps discovered:
D:1:      minmay_arrival_widening_spiral_wide, layout_basic,
          chequers_ecumenical_altar_grove
D:2:      layout_basic, minmay_pentomino_o2, uniq_crazy_yiuf_cottage,
          uniq_sigmund, uniq_robin
D:3:      layout_loops_cross, fedhas_altar_1, overflow_temple_1_default
D:4:      layout_rooms, temple_pool_b, minmay_statues_item

Skill      XL: |  1  2  3  4  5  6  7 |
---------------+----------------------+-----
Spellcasting   | 5 |  5.5
Invocations    | 1 2 |  2.5
Short Blades   | 1 2 |  2.3
Long Blades    | 1 2 |  2.3
Axes           | 1 2 |  2.3
Maces & Flails | 1 2 |  2.3
Polearms       | 1 2 |  2.3
Staves         | 1 2 |  2.3
Slings         | 1 2 |  2.3
Bows           | 1 2 |  2.3
Crossbows      | 1 2 |  2.3
Throwing       | 1 2 |  2.3
Armour         | 1 2 |  2.3
Stealth        | 1 2 |  2.3
Shields        | 1 2 |  2.3
Evocations     | 1 2 |  2.3
Fighting       | 3 |  3.5
Conjurations   | 1 |  1.8
Hexes          | 1 |  1.8
Summonings     | 1 |  1.8
Necromancy     | 1 |  1.8
Translocations | 1 |  1.8
Transmutations | 4 |  4.2
Fire Magic     | 1 |  1.8
Ice Magic      | 1 |  1.8
Air Magic      | 1 |  1.8
Earth Magic    | 1 |  1.8
Poison Magic   | 1 |  1.8
Dodging        | 5 |  5.1
Unarmed Combat | 7 |  7.0

Action                   |  1- 3 |  4- 6 |  7- 9 || total
-------------------------+-------+-------+-------++-------
Melee: Unarmed           |    84 |     5 |       ||    89
       Headbutt          |     6 |     2 |     2 ||    10
       Kick              |     8 |     5 |       ||    13
       Punch             |     3 |       |       ||     3
       Bite              |     2 |     5 |     1 ||     8
       Dagger            |       |    17 |       ||    17
       Quarterstaff      |       |    50 |    10 ||    60
 Cast: Beastly Appendage |    17 |     4 |     1 ||    22
       Wereblood         |       |     1 |     1 ||     2
Invok: Stomp             |     2 |     3 |     1 ||     6
       Line Pass         |       |     1 |       ||     1
  Use: Scroll            |     2 |     4 |       ||     6
       Potion            |     1 |       |       ||     1
 Stab: Paralysed         |     1 |     1 |       ||     2
       Confused          |       |     1 |       ||     1
Armor: Robe              |    21 |    17 |     2 ||    40
       Skin              |     3 |     3 |       ||     6
Dodge: Dodged            |    70 |    48 |    11 ||   129

Table legend: (Time is in decaauts)
 A = Elapsed time spent in this place.
 B = Non-inter-level travel time spent in this place.
 C = Inter-level travel time spent in this place.
 D = Time resting spent in this place.
 E = Time spent auto-exploring this place.
 F = Levels seen in this place.
 G = Mean time per level.
                   A        B        C        D        E       F      G
               +--------+--------+--------+--------+--------+-----+--------+
         Total |   3914 |   3788 |    126 |   1165 |   2069 |   4 |  978.5 |
       Dungeon |   3914 |   3788 |    126 |   1165 |   2069 |   4 |  978.5 |
               +--------+--------+--------+--------+--------+-----+--------+

Top non-repeatable levels by time:
     D:2: 1754 daAuts
     D:1: 1132 daAuts
     D:3: 839 daAuts
     D:4: 187 daAuts
